 Dungeon Crawl Stone Soup version 0.27-a0-1196-g3e9cee4cb2 (webtiles) character file.

Game seed: 11314397941570806349

25876 mordus the Frost Mage (level 12, -3/81 HPs)
             Began as a Yellow Draconian Ice Elementalist on May 26, 2021.
             Was a High Priest of Makhleb.
             Slain by Urug
             ... wielding a +5 demon trident of electrocution
              (20 damage)
             ... on level 13 of the Dungeon on May 27, 2021.
             The game lasted 01:23:09 (19139 turns).

mordus the Frost Mage (DrIE)                       Turns: 19139, Time: 01:23:12

Health: -3/81      AC: 22    Str: 15    XL:     12   Next: 93%
Magic:  15/25      EV: 12    Int: 26    God:    Makhleb [*****.]
Gold:   104        SH:  0    Dex: 11    Spells: 4/30 levels left

rFire    . . .     SeeInvis .   A - +10 quarterstaff "Hoqiedat" {vorpal, Str+3}
rCold    . . .     Faith    .   (shield currently unavailable)
rNeg     . . .     Spirit   .   (armour unavailable)
rPois    .         Reflect  .   (helmet restricted)
rElec    .         Harm     .   (no cloak)
rCorr    +         Rampage  .   z - +2 pair of gloves {Stlth+}
Will     .....                  r - +0 pair of boots
Stlth    +++.......             s - amulet of the acrobat
HPRegen  0.23/turn              h - +4 ring of slaying
MPRegen  0.19/turn              o - +6 ring of intelligence

@: ice-armoured, freezing walls, very slightly contaminated
A: spit acid, AC +8, unfitting armour, cold-blooded, acid resistance
a: Breathe Acid, Renounce Religion, Minor Destruction, Lesser Servant of
Makhleb, Major Destruction, Greater Servant of Makhleb


You were on level 13 of the Dungeon.
You worshipped Makhleb.
Makhleb was extremely pleased with you.
You visited 3 branches of the dungeon, and saw 16 of its levels.

You collected 1694 gold pieces.
You spent 1590 gold pieces at shops.

Inventory:

Hand Weapons
 g - a +4 short sword of venom
 A - the +10 quarterstaff "Hoqiedat" (weapon) {vorpal, Str+3}
   (You found it on level 8 of the Dungeon)

   It inflicts extra damage upon your enemies.
   It affects your strength (+3).
Missiles
 C - 9 curare-tipped darts
Armour
 r - a +0 pair of boots (worn)
 z - a +2 pair of gloves of stealth (worn)
Magical Staves
 n - a staff of poison
Jewellery
 h - a +4 ring of slaying (left hand)
 l - a ring of resist corrosion
 o - a +6 ring of intelligence (right hand)
 s - an amulet of the acrobat (around neck)
 w - a +6 ring of dexterity
 B - a ring of flight
 K - a ring of protection from cold
 M - a ring of protection from fire
Wands
 d - a wand of flame (81)
 p - a wand of acid (7)
 t - a wand of charming (4)
 y - a wand of iceblast (17)
 H - a wand of polymorph (8)
Scrolls
 b - 4 scrolls of magic mapping
 c - 7 scrolls of teleportation
 e - 7 scrolls of identify
 i - 2 scrolls of noise
 m - 3 scrolls of amnesia
 v - 2 scrolls of enchant armour
 G - a scroll of silence
 I - a scroll of vulnerability {unknown}
 L - a scroll of fog {unknown}
Potions
 a - 2 potions of might
 f - a potion of mutation {unknown}
 j - 4 potions of ambrosia
 k - 2 potions of magic {unknown}
 q - 2 potions of heal wounds {unknown}
 u - a potion of curing
 x - 3 potions of lignification {unknown}
 F - a potion of degeneration {unknown}
 J - a potion of haste {unknown}
Miscellaneous
 D - a box of beasts


   Skills:
 - Level 7.3 Short Blades
 + Level 7.3 Staves
 - Level 1.7 Dodging
 - Level 1.7 Stealth
 + Level 9.9 Spellcasting
 - Level 5.2 Conjurations
 - Level 4.0 Summonings
 + Level 2.0 Fire Magic
 + Level 12.0 Ice Magic
 + Level 7.3 Invocations
 + Level 6.6 Evocations


You had 4 spell levels left.
You knew the following spells:

 Your Spells              Type           Power      Damage    Failure   Level
a - Freeze                Ice            100%       1d11      1%          1
b - Frozen Ramparts       Ice            100%       1d12      1%          3
c - Ozocubu's Armour      Ice            66%        N/A       1%          3
d - Hailstorm             Conj/Ice       55%        3d12      1%          4
e - Summon Ice Beast      Ice/Summ       53%        N/A       1%          4
f - Ozocubu's Refrigerat  Ice            33%        4d11      28%         7
g - Sticky Flame          Conj/Fire      31%        2d5       11%         4

Your spell library contained the following spells:

 Spells                   Type           Power      Damage    Failure   Level
 Foxfire                  Conj/Fire      100%       2x1d9     1%          1
 Magic Dart               Conj           100%       1d8       1%          1
 Summon Small Mammal      Summ           100%       N/A       1%          1
 Call Imp                 Summ           33%        N/A       1%          2
 Searing Ray              Conj           78%        3d6       1%          2
 Call Canine Familiar     Summ           33%        N/A       2%          3
 Conjure Flame            Conj/Fire      31%        6-21      3%          3
 Beastly Appendage        Tmut           24%        N/A       4%          1
 Sandblast                Erth           24%        2d8       4%          1
 Dazzling Flash           Conj/Hex       52%        N/A       4%          3
 Stone Arrow              Conj/Erth      52%        3d10      4%          3
 Ice Form                 Ice/Tmut       44%        N/A       4%          4
 Summon Guardian Golem    Hex/Summ       23%        N/A       6%          3
 Passwall                 Tmut/Erth      10%        N/A       7%          2
 Wereblood                Tmut           12%        N/A       7%          2
 Inner Flame              Hex/Fire       18%        N/A       9%          3
 Spider Form              Tmut/Pois      6%         N/A       14%         3
 Swiftness                Air            12%        N/A       14%         3
 Fulminant Prism          Conj/Hex       13%        3d9       16%         4
 Iskenderun's Mystic Bla  Conj/Tloc      26%        2d7       16%         4
 Summon Lightning Spire   Summ/Air       23%        N/A       21%         4
 Passage of Golubria      Tloc           N/A        N/A       43%         4
 Petrify                  Tmut/Erth      12%        N/A       43%         4
 Metabolic Englaciation   Hex/Ice        22%        N/A       11%         5
 Fireball                 Conj/Fire      15%        3d8       28%         5
 Simulacrum               Ice/Necr       22%        N/A       52%         6
 Freezing Cloud           Conj/Ice/Air   21%        6-21      56%         6
 Hydra Form               Tmut           6%         N/A       78%         5
 Lee's Rapid Deconstruct  Erth           6%         3d7*      78%         5
 Invisibility             Hex            12%        N/A       100%        6


Dungeon Overview and Level Annotations

Branches:
Dungeon (13/15)            Temple (1/1) D:4            Lair (0/6) D:11
    Orc (2/2) D:10            Elf (0/3) Orc:2
 Vaults: D:13-14

Altars:
Ashenzari
Cheibriados
Dithmenos
Elyvilon
Fedhas
Gozag
Hepliaklqana
Kikubaaqudgha
Makhleb
Nemelex Xobeh
Okawaru
Qazlal
Ru
Sif Muna
Trog
Uskayaw
Vehumet
Wu Jian
Yredelemnul
Zin
The Shining One

Shops:
Orc:1 (   Orc:2 *(:[

Annotations:
D:11 exclusion: ice statue
D:13 Urug


Innate Abilities, Weirdness & Mutations

You can spit globs of acid.
Your golden yellow scales are hard. (AC +8)
You cannot fit into any form of body armour.
You are cold-blooded and may be slowed by cold attacks.
You are resistant to acid. (rCorr)


Message History

The wall freezes the boulder beetle!
The boulder beetle completely misses you.
The wall freezes the boulder beetle!
The boulder beetle bites you but does no damage.
The wall freezes the boulder beetle.
The boulder beetle completely misses you.
The wall freezes the boulder beetle!
The boulder beetle completely misses you.
The wall freezes the boulder beetle.
The boulder beetle closely misses you.
The wall freezes the boulder beetle.
The boulder beetle leaps!
The boulder beetle curls into a ball and begins rolling!
The frozen ramparts melt away.
Urug the Orcish Ballista comes into view.
She is wielding a +5 demon trident of electrocution and wearing a +3 ring mail of cold resistance.
The boulder beetle misses you.
The boulder beetle stops rolling and uncurls.
You hit the boulder beetle but do no damage.
You tail-slap the boulder beetle.
The boulder beetle is almost dead.
You hit the boulder beetle but do no damage.
The boulder beetle is almost dead.
The boulder beetle leaps!
Urug stares with her one eyeball.
Urug hits you from afar with a +5 demon trident of electrocution!
Your icy armour will break if you move.
Continue?
Okay, then.
Casting: Ozocubu's Armour (safe; 1% risk of failure)
Confirm with . or Enter, or press ? or * to list all spells.
Casting: Frozen Ramparts (safe; 1% risk of failure)
Press: ? - help, Dir - look around, f - activate The walls around you are covered in ice.
Urug resists.
The wall freezes Urug.
Urug hits you from afar with a +5 demon trident of electrocution!
* * * LOW HITPOINT WARNING * * *
Casting: Frozen Ramparts (safe; 1% risk of failure)
Confirm with . or Enter, or press ? or * to list all spells.
You miscast Summon Ice Beast.
You are very lightly contaminated with residual magic.
Nothing appears to happen.
Urug resists.
The wall freezes Urug.
Urug hits you but does no damage.
You are electrocuted!!
You die...

...........
#..........
.##.........#
..........#####
........#####.
.........###
#.....#...###
##.....#@....#
#.....o°#......#
#......##...##..
#......########.
#...............
#...............
#.......<.......
#...............
####...####..##.


You could see Urug.

Vanquished Creatures
  Josephine (D:11)
  The ghost of avis the Basher, a journeyman HOMo of Beogh (D:10)
  A hydra (D:12)
  A boulder beetle (D:11)
  A death knight (D:12)
  2 two-headed ogres
  A centaur warrior (D:8)
  3 orc high priests (Orc:2)
  4 orc knights
  3 orc sorcerers (Orc:2)
  A cyclops (D:11)
  5 slime creatures (D:7)
  3 manticores (D:11)
  2 gargoyles (D:12)
  2 unseen horrors
  3 kobold demonologists (D:10)
  2 trolls
  A hornet (D:9)
  Sigmund (D:3)
  A wyvern (D:7)
  A shadow (D:12)
  6 yaks
  3 wraiths (D:11)
  A steam dragon (D:7)
  2 wargs (Orc:1)
  2 acid dragons
  4 water moccasins
  19 orc warriors
  2 sky beasts
  A hornet zombie (D:7)
  An ice beast (D:5)
  4 necrophages
  4 ogres
  8 centaurs
  10 kobold brigands
  2 phantoms
  6 bullfrogs
  3 scorpions
  5 water moccasin skeletons
  7 killer bees
  5 wights
  2 howler monkeys (D:11)
  2 electric eels
  A crimson imp (D:6)
  2 bullfrog zombies (D:6)
  5 centaur zombies
  2 hounds
  15 orc priests
  2 jellies (D:7)
  A bullfrog skeleton (D:7)
  2 centaur skeletons (D:6)
  Terence (D:2)
  Natasha (twice) (D:2)
  23 orc wizards
  A killer bee zombie (D:7)
  A hound skeleton (D:4)
  Robin (D:3)
  6 adders
  4 gnolls (D:5)
  17 white imps
  3 worms
  3 dart slugs
  58 orcs
  11 ball pythons
  12 endoplasms
  6 giant cockroaches
  21 goblins
  7 hobgoblins
  2 jackals (D:1)
  2 quokkas
  4 bats
  3 frilled lizards
  12 kobolds
  12 rats
381 creatures vanquished.

Vanquished Creatures (collateral kills)
  An orc knight (Orc:2)
  A gargoyle (D:12)
2 creatures vanquished.

Vanquished Creatures (others)
  2 fungi (D:10)
  7 plants
9 creatures vanquished.

Grand Total: 392 creatures vanquished

Notes
Turn   | Place    | Note
-------+----------+-------------------------------------------
     0 | D:1      | mordus the Draconian Ice Elementalist began the quest for
                  | the Orb.
     0 | D:1      | Reached XP level 1. HP: 14/14 MP: 3/3
   335 | D:1      | Reached XP level 2. HP: 17/20 MP: 3/5
   805 | D:1      | Found a faded altar of an unknown god.
  1122 | D:2      | Noticed Terence
  1135 | D:2      | Killed Terence
  1136 | D:2      | Reached skill level 1 in Short Blades
  1136 | D:2      | Reached XP level 3. HP: 21/26 MP: 1/6
  1140 | D:2      | Learned a level 3 spell: Frozen Ramparts
  1424 | D:2      | Reached skill level 5 in Ice Magic
  1424 | D:2      | Reached XP level 4. HP: 26/33 MP: 3/8
  2100 | D:2      | Noticed Natasha
  2111 | D:2      | Killed Natasha
  2309 | D:2      | Noticed Natasha
  2314 | D:2      | Killed Natasha
  2315 | D:2      | Reached XP level 5. HP: 36/38 MP: 4/9
  2319 | D:2      | Learned a level 3 spell: Ozocubu's Armour
  2461 | D:3      | Noticed Robin
  2489 | D:3      | Killed Robin
  2704 | D:3      | Noticed Sigmund
  2725 | D:3      | Killed Sigmund
  2726 | D:3      | Reached skill level 6 in Ice Magic
  2726 | D:3      | Reached XP level 6. HP: 33/45 MP: 4/11
  3526 | D:4      | Your scales start taking on a golden yellow colour.
  3526 | D:4      | Reached XP level 7. HP: 27/50 MP: 8/12
  3526 | D:4      | Gained mutation: You are resistant to acid. (rCorr) [Yellow
                  | Draconian growth]
  3614 | D:4      | Reached skill level 7 in Ice Magic
  3714 | D:4      | Found a staircase to the Ecumenical Temple.
  3739 | Temple   | Entered the Ecumenical Temple
  3751 | Temple   | Upgraded the game from 0.27-a0-1193-g8631133539 to
                  | 0.27-a0-1196-g3e9cee4cb2
  3997 | Temple   | Became a worshipper of Makhleb the Destroyer
  4636 | D:5      | Entered Level 5 of the Dungeon
  4858 | D:5      | Reached XP level 8. HP: 22/57 MP: 10/15
  5224 | D:5      | Reached skill level 8 in Ice Magic
  5351 | D:5      | Reached skill level 5 in Spellcasting
  5686 | D:5      | Reached * piety under Makhleb
  5692 | D:5      | Learned a level 4 spell: Hailstorm
  5932 | D:6      | Reached skill level 1 in Conjurations
  5986 | D:6      | Reached skill level 5 in Short Blades
  6158 | D:6      | Reached skill level 9 in Ice Magic
  6428 | D:6      | Noticed a +0 hand axe
  6520 | D:6      | Noticed a +0 hand axe
  6523 | D:6      | Found a hide-covered altar of Uskayaw.
  6544 | D:6      | Reached XP level 9. HP: 52/62 MP: 17/17
  7105 | D:7      | Killed a large slime creature
  7525 | D:7      | Reached ** piety under Makhleb
  7529 | D:7      | Reached skill level 10 in Ice Magic
  7844 | D:7      | Reached XP level 10. HP: 67/69 MP: 12/19
  8454 | D:7      | Found a bloodstained altar of Trog.
  8717 | D:8      | Reached *** piety under Makhleb
  8718 | D:8      | Reached skill level 11 in Ice Magic
  9036 | D:8      | Learned a level 4 spell: Summon Ice Beast
  9123 | D:8      | Found an opulent altar of Gozag.
  9154 | D:8      | Noticed a centaur warrior
  9166 | D:8      | Killed a centaur warrior
  9167 | D:8      | Reached skill level 5 in Conjurations
  9388 | D:8      | Identified the +10 quarterstaff "Hoqiedat" {vorpal, Str+3}
  9665 | D:8      | Reached skill level 1 in Summonings
  9836 | D:8      | Reached skill level 1 in Staves
 10776 | D:9      | Found an ornate altar of the Wu Jian Council.
 10951 | D:9      | Reached XP level 11. HP: 74/74 MP: 17/22
 11238 | D:10     | Entered Level 10 of the Dungeon
 11239 | D:10     | Found a runed translucent gate.
 11240 | D:10     | Found a runed translucent gate.
 11240 | D:10     | Noticed avis's ghost (journeyman HOMo)
 11243 | D:10     | Found a runed translucent gate.
 11268 | D:10     | Noticed a two-headed ogre
 11282 | D:10     | Killed a two-headed ogre
 11283 | D:10     | Reached skill level 12 in Ice Magic
 11288 | D:10     | Found Zin's Purification Station.
 11492 | D:10     | Found a glowing silver altar of Zin.
 11498 | D:10     | Bought a potion of curing for 90 gold pieces
 11612 | D:10     | Found a staircase to the Orcish Mines.
 11947 | D:10     | Noticed a soul eater
 11949 | D:10     | Reached **** piety under Makhleb
 11950 | D:10     | Reached skill level 1 in Invocations
 11952 | D:10     | Killed avis's ghost
 11953 | D:10     | Reached skill level 1 in Evocations
 12071 | D:11     | Noticed a boulder beetle
 12083 | D:11     | Killed a boulder beetle
 12772 | D:11     | Noticed Josephine
 13269 | D:11     | Found a staircase to the Lair.
 13544 | D:11     | Killed Josephine
 13545 | D:11     | Reached skill level 5 in Staves
 14167 | Orc:1    | Entered Level 1 of the Orcish Mines
 14167 | Orc:1    | Noticed an orc knight
 14453 | D:10     | Reached XP level 12. HP: 57/81 MP: 15/24
 14963 | D:10     | HP: 4/81 [poisoned by an orc warrior]
 14967 | D:10     | HP: 1/81 [poisoned by an orc warrior]
 15336 | D:10     | Reached skill level 5 in Invocations
 15593 | Orc:1    | Found Hegiconk's Weapon Shop.
 16049 | Orc:2    | Entered Level 2 of the Orcish Mines
 16539 | Orc:2    | Reached ***** piety under Makhleb
 16547 | Orc:2    | Reached skill level 5 in Evocations
 16752 | Orc:2    | Found a staircase to the Elven Halls.
 16898 | Orc:2    | Noticed an orc high priest
 16904 | Orc:2    | Killed an orc high priest
 16917 | Orc:2    | Noticed an orc high priest
 16926 | Orc:2    | Killed an orc high priest
 17239 | Orc:2    | Noticed an orc high priest
 17249 | Orc:2    | Killed an orc high priest
 17264 | Orc:2    | HP: 1/81 [orc knight/+2 long sword (9)]
 17828 | Orc:2    | Found Baunwub's Assorted Antiques.
 17828 | Orc:2    | Found Neipsuox's Weapon Shop.
 17830 | Orc:2    | Found Myfiuf's Book Emporium.
 17830 | Orc:2    | Found Onotuhox's Antique Armour Shop.
 18005 | Orc:2    | Bought a book of Flames for 525 gold pieces
 18005 | Orc:2    | Bought a book of Ice for 975 gold pieces
 18013 | Orc:2    | Learned a level 7 spell: Ozocubu's Refrigeration
 18018 | Orc:2    | Learned a level 4 spell: Sticky Flame
 18172 | D:12     | Noticed a two-headed ogre
 18176 | D:12     | Noticed a five-headed hydra
 18179 | D:12     | Killed a two-headed ogre
 18180 | D:12     | Reached skill level 1 in Fire Magic
 18186 | D:12     | Killed a five-headed hydra
 18641 | D:12     | Noticed a death knight
 18651 | D:12     | Killed a death knight
 19116 | D:13     | Noticed a boulder beetle
 19134 | D:13     | Noticed Urug
 19139 | D:13     | Slain by Urug

Illustrated notes

Levels and vault maps discovered:
D:1:      lordsloth_arrival_two_stooges, layout_basic,
          hellmonk_ecumenical_altar_slurped_away, minmay_misc_feat_nine_boxes
D:2:      layout_loops_ring, uniq_terence, uniq_natasha
D:3:      layout_basic, uniq_robin, uniq_sigmund
D:4:      layout_basic, minmay_temple_entry_large_hall
D:5:      layout_basic
D:6:      layout_rooms, dancing_weapons_uskayaw, portal_sewer_entry_e,
          minmay_fire_ice_demons
D:7:      minmay_bubble_buster, layout_basic, lemuel_coloured_pillars_altar,
          enter_bailey_5
D:8:      layout_loops_cross, nicolae_gozag_cash_rules_everything_around_me,
          nicolae_overflow_hidden_temple
D:9:      kennysheep_blocky_hall, layout_basic,
          nicolae_wu_jian_immortal_techniques
D:10:     layout_rooms, zin_purify, gammafunk_ghost_nasty_kobolds,
          minmay_misc_feat_square
D:11:     cheibrodos_frozen_isle, layout_basic, lair_entry_dummy,
          portal_ice_cave_entry_imps, minmay_stone_trees_small,
          serial_bayou_pond_a, minmay_crystal_water, uniq_josephine
D:12:     layout_loops_ring
D:13:     minmay_the_grid_triangle_9x9_recursive_3
          [minmay_the_grid_triangle_9x9_zippers_vertical,
          minmay_the_grid_triangle_9x9_sprig,
          minmay_the_grid_triangle_9x9_swiss_cheese,
          minmay_the_grid_triangle_9x9_prize_special,
          minmay_the_grid_triangle_9x9_subtriangle,
          minmay_the_grid_triangle_9x9_alien,
          minmay_the_grid_triangle_9x9_from_above,
          minmay_the_grid_triangle_9x9_windchime,
          minmay_the_grid_triangle_9x9_corrupted_corridor], layout_gridville,
          uniq_urug
Temple:   eino_temple_rhombus
Orc:1:    layout_caves, serial_shops, shop
Orc:2:    grunt_orc_tribal_feast, layout_diamond_mine

Skill      XL: |  1  2  3  4  5  6  7  8  9 10 11 12 |
---------------+-------------------------------------+-----
Short Blades   | 1 2 3 4 5 6 7 |  7.3
Ice Magic      | 5 6 7 9 10 11 12 | 12.0
Spellcasting   | 3 4 5 6 7 8 9 |  9.9
Conjurations   | 2 4 5 |  5.2
Summonings     | 2 4 |  4.0
Staves         | 2 5 7 |  7.3
Invocations    | 4 7 |  7.3
Evocations     | 4 6 |  6.6
Fire Magic     | 2 |  2.0
Dodging        | |  1.7
Stealth        | |  1.7

Action                   |  1- 3 |  4- 6 |  7- 9 | 10-12 || total
-------------------------+-------+-------+-------+-------++-------
Melee: Unarmed           |    23 |       |       |       ||    23
       Tailslap          |     5 |    17 |    47 |    34 ||   103
       Dagger            |    49 |    73 |       |       ||   122
       Short sword       |       |    44 |   251 |   114 ||   409
       Quarterstaff      |       |       |       |   238 ||   238
 Cast: Freeze            |    24 |    20 |     2 |     6 ||    52
       Frozen Ramparts   |       |     8 |     9 |    55 ||    72
       Ozocubu's Armour  |       |     4 |    12 |    57 ||    73
       Hailstorm         |       |       |       |    15 ||    15
       Summon Ice Beast  |       |       |       |     3 ||     3
       Sticky Flame      |       |       |       |     1 ||     1
 Abil: Breathe Acid      |       |       |     5 |     5 ||    10
  Use: Scroll            |       |     5 |     5 |     4 ||    14
       Potion            |       |       |     1 |     3 ||     4
 Stab: Sleeping          |     6 |     1 |     5 |     5 ||    17
Armor: Skin              |    26 |    35 |    75 |   182 ||   318
Dodge: Dodged            |    44 |    79 |   173 |   394 ||   690

Table legend: (Time is in decaauts)
 A = Elapsed time spent in this place.
 B = Non-inter-level travel time spent in this place.
 C = Inter-level travel time spent in this place.
 D = Time resting spent in this place.
 E = Time spent auto-exploring this place.
 F = Levels seen in this place.
 G = Mean time per level.
                   A        B        C        D        E       F      G
               +--------+--------+--------+--------+--------+-----+--------+
         Total |  19118 |  18897 |    221 |   5030 |   9961 |  16 | 1194.9 |
       Dungeon |  16237 |  16016 |    221 |   3989 |   8898 |  13 | 1249.0 |
        Temple |    289 |    289 |      0 |      0 |    184 |   1 |  289.0 |
  Orcish Mines |   2590 |   2590 |      0 |   1041 |    879 |   2 | 1295.0 |
               +--------+--------+--------+--------+--------+-----+--------+

Top non-repeatable levels by time:
    D:10: 2275 daAuts
    D:11: 2094 daAuts
   Orc:2: 2035 daAuts
     D:8: 1504 daAuts
     D:6: 1386 daAuts
     D:2: 1319 daAuts
     D:5: 1242 daAuts
     D:9: 1230 daAuts
     D:7: 1202 daAuts
     D:3: 1091 daAuts
     D:1: 1083 daAuts
    D:12: 921 daAuts
     D:4: 842 daAuts
   Orc:1: 555 daAuts
  Temple: 289 daAuts
